 Dungeon Crawl Stone Soup version 0.27-a0-1217-g8a41f320e8 (webtiles) character file.

Game seed: 2659587961154649977

690 polve the Skirmisher (level 7, -4/58 HPs)
             Began as a Demonspawn Abyssal Knight on June 5, 2021.
             Was a Believer of Lugonu.
             Slain by a killer bee (6 damage)
             ... on level 4 of the Dungeon.
             The game lasted 00:03:06 (4822 turns).

polve the Skirmisher (Demonspawn Abyssal Knight)    Turns: 4822, Time: 00:03:06

Health: -4/58      AC:  6    Str: 14    XL:     7   Next: 36%
Magic:  8/8        EV: 12    Int: 13    God:    Lugonu [**....]
Gold:   148        SH:  0    Dex: 13    Spells: 6/6 levels left

rFire    . . .     SeeInvis .   p - +2 long sword
rCold    . . .     Faith    .   (no shield)
rNeg     . . .     Spirit   .   b - +0 leather armour
rPois    .         Reflect  .   (helmet restricted)
rElec    .         Harm     .   e - +0 cloak
rCorr    .         Rampage  .   (no gloves)
Will     .....                  (no boots)
Stlth    +.........             (no amulet)
HPRegen  0.19/turn              (no ring)
MPRegen  0.11/turn              (no ring)

@: lethally poisoned (-4 -> -21)
A: horns 1, icy blue scales 1, powered by death 1, powered by pain 1
a: Renounce Religion, Depart the Abyss, Bend Space


You were on level 4 of the Dungeon.
You worshipped Lugonu.
Lugonu was pleased with you.
You visited 1 branch of the dungeon, and saw 4 of its levels.
You visited the Abyss 1 time.

You collected 148 gold pieces.

Inventory:

Hand Weapons
 a - a +1 short sword
 p - a +2 long sword (weapon)
Missiles
 k - 2 curare-tipped darts
Armour
 b - a +0 leather armour (worn)
 e - a +0 cloak (worn)
Jewellery
 d - a ring of ice
Scrolls
 c - 2 scrolls of fear {unknown}
 g - a scroll of teleportation {unknown}
 j - 2 scrolls of identify
 m - a scroll of brand weapon {unknown}
 o - a scroll of fog {unknown}
 q - a scroll of amnesia {unknown}
Potions
 f - 4 potions of curing {unknown}
 h - 2 potions of brilliance {unknown}
 i - a potion of mutation {unknown}
 l - a potion of invisibility {unknown}
 n - a potion of might {unknown}


   Skills:
 - Level 6.0 Fighting
 - Level 4.0 Short Blades
 + Level 3.5 Armour
 + Level 3.0 Dodging
 - Level 2.4 Invocations


You had 6 spell levels left.
You didn't know any spells.
Your spell library contained the following spells:

 Spells                   Type           Power      Damage    Failure   Level
 Corona                   Hex            0%         N/A       36%         1
 Freeze                   Ice            0%         1d3       36%         1
 Ensorcelled Hibernation  Hex/Ice        0%         N/A       50%         2
 Confusing Touch          Hex            0%         N/A       75%         3
 Dazzling Flash           Conj/Hex       0%         N/A       75%         3
 Frozen Ramparts          Ice            0%         1d2       75%         3
 Ozocubu's Armour         Ice            0%         N/A       75%         3
 Tukima's Dance           Hex            0%         N/A       75%         3
 Hailstorm                Conj/Ice       0%         3d3       98%         4
 Metabolic Englaciation   Hex/Ice        0%         N/A       100%        5


Dungeon Overview and Level Annotations

Branches:
Dungeon (4/15)             Temple (0/1) D:4

Altars:
Kikubaaqudgha
Sif Muna

Annotations:
D:3 2 transporters, fpsbossfight's ghost, amateur DEFE


Innate Abilities, Weirdness & Mutations

You have a pair of small horns on your head.
You are partially covered in icy blue scales. (AC +2)
You regenerate a little health from kills.
You sometimes gain a little power by taking damage.


Message History

The killer bee stings you.
The killer bee stings you but does no damage.
The killer bee barely misses you. The killer bee stings you.
You are poisoned.
The killer bee poisons you! The killer bee closely misses you.
You are too injured to fight recklessly!
You are too injured to fight recklessly!
You are too injured to fight recklessly!
You are too injured to fight recklessly!
You closely miss the killer bee.
The killer bee is almost dead.
You feel very sick.
The killer bee stings you. x3; The killer bee barely misses you.
You riposte.
You miss the killer bee. Your headbutt misses the killer bee.
The killer bee barely misses you.
You hit the killer bee but do no damage.
The killer bee is almost dead.
You feel sick. The killer bee stings you.
The killer bee stings you but does no damage.
The killer bee barely misses you. The killer bee closely misses you.
You riposte.
You slash the killer bee!
You kill the killer bee!
Lugonu accepts your kill. The killer bee closely misses you.
You riposte.
You closely miss the killer bee.
Your Dodging skill increases to level 3!
You feel sick.
You feel sick. The killer bee stings you.
* * * LOW HITPOINT WARNING * * *
You are more poisoned.
The killer bee poisons you!
You feel sick. The killer bee stings you.
* * * LOW HITPOINT WARNING * * *
* * * LOW HITPOINT WARNING * * *
You feel very sick. The killer bee stings you.
* * * LOW HITPOINT WARNING * * *
You are more poisoned.
The killer bee poisons you! The killer bee stings you.
You die...

.#... ..# ....... #.#
#####.+## #.# ##...## #.#
##.....## ### ...
##.......## ##.###y#
##..>......####...##.####
.+.........+>....y.#....#
##.........####.@y.y.##.#
#..<....# ##..y.......#
##.....## #...♣..♣....#
##...######............#
##.........♣......♣...#
#..####..............#
#..# ##............##
######..#####..♣......♣..#
...........##..........


You could see 4 killer bees.

Vanquished Creatures
  2 necrophages (D:4)
  2 water moccasin zombies (D:4)
  A scorpion (D:4)
  A killer bee (D:4)
  A wight (D:4)
  A bullfrog zombie (D:4)
  A jelly (D:4)
  A human zombie (D:4)
  A hound zombie (D:4)
  A hound skeleton (D:4)
  2 howler monkey zombies (D:4)
  4 adders
  An adder skeleton (D:4)
  An adder zombie (D:4)
  A dart slug (D:2)
  An orc (D:4)
  4 bats
  8 endoplasms
  A giant cockroach (D:4)
  8 goblins
  14 hobgoblins
  12 jackals
  5 kobolds
  3 quokkas
  3 ball pythons
  3 frilled lizards
  A jackal zombie (D:4)
  4 rats
88 creatures vanquished.

Vanquished Creatures (others)
  14 plants (D:4)
14 creatures vanquished.

Grand Total: 102 creatures vanquished

Notes
Turn   | Place    | Note
-------+----------+-------------------------------------------
     0 | Abyss:1  | polve the Demonspawn Abyssal Knight began the quest for the
                  | Orb.
     0 | Abyss:1  | Reached XP level 1. HP: 18/18 MP: 2/2
    13 | Abyss:1  | Found a corrupted altar of Lugonu.
   141 | Abyss:1  | Noticed a large abomination
   142 | D:1      | Escaped the Abyss
   441 | D:1      | Reached * piety under Lugonu
   622 | D:1      | Gained mutation: You are partially covered in icy blue
                  | scales. (AC +2) [demonic ancestry]
   622 | D:1      | Reached XP level 2. HP: 24/24 MP: 3/3
  1338 | D:2      | Reached XP level 3. HP: 18/29 MP: 4/4
  1831 | D:2      | Found a shimmering blue altar of Sif Muna.
  2122 | D:2      | Found a faded altar of an unknown god.
  2449 | D:3      | Reached XP level 4. HP: 32/35 MP: 5/5
  2479 | D:3      | Reached ** piety under Lugonu
  2833 | D:3      | Found a transporter.
  2839 | D:3      | Noticed a small abomination
  3131 | D:3      | Found a transporter.
  3140 | D:3      | Noticed fpsbossfight's ghost (amateur DEFE)
  3187 | D:4      | Found a staircase to the Ecumenical Temple.
  3250 | D:4      | Reached skill level 4 in Fighting
  3250 | D:4      | Gained mutation: You regenerate a little health from kills.
                  | [demonic ancestry]
  3250 | D:4      | Reached XP level 5. HP: 22/42 MP: 6/6
  3617 | D:4      | Found an ancient bone altar of Kikubaaqudgha.
  3647 | D:4      | Reached skill level 5 in Fighting
  3777 | D:4      | Noticed a necrophage
  3796 | D:4      | Killed a necrophage
  3797 | D:4      | Gained mutation: You sometimes gain a little power by
                  | taking damage. [demonic ancestry]
  3797 | D:4      | Reached XP level 6. HP: 45/52 MP: 7/7
  3856 | D:4      | Reached skill level 6 in Fighting
  3856 | D:4      | Reached skill level 1 in Dodging
  4163 | D:4      | Gained mutation: You have a pair of small horns on your
                  | head. [demonic ancestry]
  4163 | D:4      | Reached XP level 7. HP: 58/58 MP: 8/8
  4822 | D:4      | HP: 2/58 [killer bee (5)]
  4822 | D:4      | Slain by a killer bee

Illustrated notes

Levels and vault maps discovered:
D:1:      roderic_crop_circles_arrival_small, layout_loops_ring
D:2:      layout_loops_ring, shapermc_ecumenical_altar_notcrosses, basic_altar
D:3:      kennysheep_the_goblin_king, layout_rooms, serial_aquarium,
          aquarium_bridge_island_small [aquarium_subvault_small_water,
          aquarium_subvault_balcony, aquarium_subvault_window,
          aquarium_subvault_wall, aquarium_subvault_bridge], aquarium_window_1,
          aquarium_window_fake, aquarium_window_fake, aquarium_window_1,
          aquarium_view_2d, gammafunk_ghost_abyssal_escape,
          minmay_increasing_density
D:4:      layout_loops_corners, lemuel_mausoleum_altar_kikubaaqudgha,
          minmay_temple_entry_ruins, chequers_serial_rivers_micro_e,
          hangedman_abyss_or_decor_stagger, hangedman_decor_points,
          minmay_misc_feat_plants, serial_bayou_ford_a

Skill      XL: |  1  2  3  4  5  6  7 |
---------------+----------------------+-----
Short Blades   | 2 3 4 |  4.0
Fighting       | 4 5 6 |  6.0
Dodging        | 2 3 |  3.0
Armour         | 2 3 |  3.5
Invocations    | |  2.4

Action                   |  1- 3 |  4- 6 |  7- 9 || total
-------------------------+-------+-------+-------++-------
Melee: Short sword       |   206 |   205 |       ||   411
       Long sword        |       |     7 |    47 ||    54
       Headbutt          |       |       |     8 ||     8
Invok: Depart the Abyss  |     1 |       |       ||     1
  Use: Scroll            |     2 |       |       ||     2
 Stab: Distracted        |     1 |       |       ||     1
       Sleeping          |       |     1 |       ||     1
Armor: Leather armour    |    78 |    52 |    24 ||   154
Dodge: Dodged            |   121 |    79 |    53 ||   253
       Rpst.: Long sword |       |     1 |    20 ||    21

Table legend: (Time is in decaauts)
 A = Elapsed time spent in this place.
 B = Non-inter-level travel time spent in this place.
 C = Inter-level travel time spent in this place.
 D = Time resting spent in this place.
 E = Time spent auto-exploring this place.
 F = Levels seen in this place.
 G = Mean time per level.
                   A        B        C        D        E       F      G
               +--------+--------+--------+--------+--------+-----+--------+
         Total |   4811 |   4725 |     86 |      0 |   3947 |   5 |  962.2 |
       Dungeon |   4669 |   4583 |     86 |      0 |   3811 |   4 | 1167.2 |
         Abyss |    142 |    142 |      0 |      0 |    136 |   1 |  142.0 |
               +--------+--------+--------+--------+--------+-----+--------+

Top non-repeatable levels by time:
     D:4: 1673 daAuts
     D:1: 1158 daAuts
     D:2: 997 daAuts
     D:3: 840 daAuts
 Abyss:1: 142 daAuts
